 Dungeon Crawl Stone Soup version 0.31.0-12-g77e489cdc1 (webtiles) character file.

Game seed: 5933924751495458508

172 lordive the Slasher (level 5, 0/5 HPs)
             Began as a Minotaur Monk on Feb 28, 2024.
             Slain by a rat (2 damage)
             ... in a sewer.
             The game lasted 00:03:53 (2364 turns).

lordive the Slasher (Minotaur Monk)                 Turns: 2364, Time: 00:03:53

Health: 0/5        AC:  2    Str: 26    XL:     5   Next: 27%
Magic:  4/4        EV: 11    Int:  9    God:
Gold:   103        SH:  0    Dex: 16    Spells: 4/4 levels left

rFire   . . .        a - melded +0 falchion
rCold   . . .        (shield currently unavailable)
rNeg    + . .        h - melded +0 chain mail
rPois   +            (helmet currently unavailable)
rElec   .            (cloak currently unavailable)
rCorr   +            (gloves currently unavailable)
SInv    .            (boots currently unavailable)
Will    .....        (no amulet)
Stlth   +            g - ring of resist corrosion
HPRegen 0.20/turn    (no ring)
MPRegen 0.09/turn

%: no passive effects
@: snake-form
A: constrict, reduced hp, large, (horns 2), (retaliatory headbutt)
a: Begin Untransformation


You were in a sewer.
You were an enormous serpent.
You visited 1 branch of the dungeon, and saw 3 of its levels.
You also visited: Sewer.

You collected 103 gold pieces.

Inventory:

Hand Weapons
 a - a +0 falchion (melded)
Armour
 h - a +0 chain mail (melded)
 q - the +1 robe of Beogh's Regard {rC+ Will++ Dex+5}
   (You found it on level 3 of the Dungeon)

   Dex+5:     It affects your dexterity (+5).
   rC+:       It protects you from cold.
   Will++:    It greatly increases your willpower.
Jewellery
 b - an amulet of reflection
 g - a ring of resist corrosion (left hand)
 p - a ring of fire
Talismans
 u - the serpent talisman "Arphiu" (active) {rN+ Str+6 Dex+3}
   (You found it in a sewer)

   [serpent talisman]

   Str+6:     It affects your strength (+6).
   Dex+3:     It affects your dexterity (+3).
   rN+:       It protects you from negative energy.
Wands
 l - a wand of polymorph (7)
Scrolls
 f - a scroll of enchant armour {unknown}
 k - a scroll of teleportation {unknown}
 m - a scroll of noise {unknown}
 o - 3 scrolls of identify {unknown}
 r - 2 scrolls of revelation {unknown}
 t - a scroll of blinking {unknown}
Potions
 c - a potion of ambrosia
 d - 3 potions of enlightenment {unknown}
 e - 4 potions of attraction {unknown}
 i - a potion of curing {unknown}
 j - a potion of brilliance {unknown}
 n - 3 potions of magic {unknown}
 s - a potion of haste {unknown}


   Skills:
 + Level 4.8 Fighting
 + Level 5.3 Long Blades
 + Level 2.3 Armour
 + Level 4.0 Dodging
 - Level 0.1 Stealth


You had 4 spell levels left.
You didn't know any spells.
Your spell library contained the following spells:

 Spells                   Type           Power      Damage    Failure   Level
 Mercury Vapours          Alch/Air       0%         N/A       52%         2
 Mephitic Cloud           Conj/Alch/Air  0%         N/A       77%         3
 Freezing Cloud           Conj/Ice/Air   0%         6-21      100%        5


Dungeon Overview and Level Annotations

Branches:
Dungeon (3/15)              Sewer (1/1)

Altars:

Shops:
D:2 (


Innate Abilities, Weirdness & Mutations

You are an enormous serpent.
You have a powerful constriction melee attack.
Your maximum health is decreased, since you lack skill for your form.
Your armour is entirely melded.
You are incapable of wielding weapons or throwing items.
((You have a pair of horns on your head.))
((You reflexively headbutt those who attack you in melee.))


Message History

You hit the ball python.
You kill the ball python!
You see here a ball python corpse.
You enter the shallow water.
Moving in this stuff is going to be slow.
t - a scroll labelled DAILES KIOGUTU No target in view!
You see here the serpent talisman "Arphiu" {rN+ Str+6 Dex+3}.
u - the serpent talisman "Arphiu" {rN+ Str+6 Dex+3}
Okay, then.
Okay, then.
You begin transforming.
You continue transforming. x3
You feel stronger.
You feel agile.
You turn into an enormous serpent.
Your +0 falchion melds into your body.
Your +0 chain mail melds into your body.
You enter the shallow water. 2 rats come into view.
There are monsters nearby!
A frilled lizard and a rat come into view.
A rat and a ball python come into view.
The rat squeaks loudly. x2; The ball python hisses angrily.
You hear an angry hiss. x4
A ball python comes into view. x2
A frilled lizard comes into view.
The frilled lizard hisses angrily.
The rat squeaks loudly.
The frilled lizard hisses angrily.
You hear an angry hiss.
A ball python comes into view.
The rat bites you.
You hit the rat.
You kill the rat!
A ball python comes into view.
You hit the rat but do no damage. Your grab misses the rat.
The rat closely misses you.
You barely miss the ball python. You grab the ball python.
You constrict the ball python.
You kill the ball python!
The rat bites you.
You barely miss the rat. Your grab misses the rat. The ball python bites you.
The rat splashes around in the water.
The rat bites you.
You die...

## ###...
.####
####......
....##
##........
..†..#
#......S#
.....##
##....l.#
......#
#...S.S#
.~.~.##
##~rSr##
≈~~~≈≈#
#≈≈lSr~#
≈≈≈~≈≈#
#≈≈~~~≈#
≈≈~~#~#
#≈~~~~~#
≈≈~≈~~#
#≈≈≈≈~~#
≈≈≈~~~#
#≈≈~≈~~#
≈≈≈≈~~#
#≈..~~≈#
≈≈≈≈≈.#
#.~...≈#
≈≈≈≈††#
#≈~.~~##
≈≈≈~~~#
#~~≈~≈≈#


You could see 4 ball pythons, 2 frilled lizards and 3 rats.

Vanquished Creatures
  An iguana (D:3)
  Robin (D:3)
  An adder (Sewer)
  2 river rats
  2 dart slugs (D:2)
  5 orcs (D:3)
  8 ball pythons
  5 endoplasms
  4 giant cockroaches
  18 goblins
  9 hobgoblins
  7 jackals
  4 bats
  4 frilled lizards
  6 kobolds
  21 rats
98 creatures vanquished.

Notes
Turn   | Place    | Note
-------+----------+-------------------------------------------
     0 | D:1      | lordive the Minotaur Monk began the quest for the Orb.
     0 | D:1      | Reached XP level 1. HP: 19/19 MP: 0/0
   150 | D:1      | Reached XP level 2. HP: 27/27 MP: 1/1
   282 | D:1      | Reached skill level 4 in Long Blades
   597 | D:2      | Found a faded altar of an unknown god.
   708 | D:2      | Found Labbakho's Antique Weapon Boutique.
  1029 | D:2      | Reached XP level 3. HP: 33/33 MP: 2/2
  1707 | D:3      | Noticed Robin
  1731 | D:3      | Killed Robin
  1732 | D:3      | Reached skill level 1 in Armour
  1732 | D:3      | Reached XP level 4. HP: 36/41 MP: 3/3
  1906 | D:3      | Identified the +1 robe of Beogh's Regard {rC+ Will++ Dex+5}
  1964 | D:3      | Reached skill level 5 in Long Blades
  2060 | D:3      | Found a glowing drain.
  2070 | D:3      | Reached XP level 5. HP: 42/47 MP: 4/4
  2086 | Sewer    | Entered a sewer
  2349 | Sewer    | Identified the serpent talisman "Arphiu" {rN+ Str+6 Dex+3}
  2364 | Sewer    | Slain by a rat

Illustrated notes

Levels and vault maps discovered:
D:1:      grunt_arrival_crossed_arrows, layout_basic
D:2:      minmay_thinvault, layout_basic, serial_shops, shop_fountains,
          hellmonk_ecumenical_altar_slurped_away, minmay_misc_feat_rugged,
          kennysheep_flooded_box
D:3:      layout_loops_ring, grunt_temple_overflow_lords_of_destruction,
          portal_sewer_entry_a, uniq_grinder, uniq_robin
Sewer:    sewer_minmay_w

Skill      XL: |  1  2  3  4 |
---------------+-------------+-----
Long Blades    | 4 5 |  5.3
Fighting       | 4 |  4.8
Armour         | 1 2 |  2.3
Dodging        | 4 |  4.0
Stealth        | |  0.1

Action                     |  1- 3 |  4- 6 || total
---------------------------+-------+-------++-------
  Melee: Falchion          |   107 |    97 ||   204
         Headbutt          |    21 |    18 ||    39
         Punch             |     2 |       ||     2
         Unarmed           |       |     4 ||     4
         Constrict         |       |     1 ||     1
 Armour: Robe              |    10 |       ||    10
         Chain mail        |    73 |    64 ||   137
         Skin              |       |     4 ||     4
  Dodge: Dodged            |    38 |    53 ||    91
   Form: Serpent           |       |     1 ||     1
